 Dungeon Crawl Stone Soup version 0.14-a0-953-g9e7f188 (webtiles) character file.

177 PolkaDot the Ruinous (level 3, 0/24 HPs)
             Began as a Vampire Conjurer on Nov 20, 2013.
             Slain by a kobold
             ... wielding a +0,+0 short sword of protection
              (4 damage)
             ... on Level 2 of the Dungeon.
             The game lasted 00:06:08 (1473 turns).

PolkaDot the Ruinous (Vampire Conjurer)             Turns: 1473, Time: 00:06:08

HP   0/24        AC  3     Str  7      XL: 3   Next: 55%
MP   3/6         EV 12     Int 18      God:
Gold 127         SH  0     Dex 14      Spells:  2 memorised,  1 level left

Res.Fire  : . . .   See Invis. : +   a - -1,+1 orc spear
Res.Cold  : + . .   Warding    : .   k - +1 robe {rC+}
Life Prot.: + . .   Conserve   : .   (no shield)
Res.Poison: .       Res.Corr.  : .   (no helmet)
Res.Elec. : .       Clarity    : .   (no cloak)
Sust.Abil.: . .     Spirit.Shd : .   (no gloves)
Res.Mut.  : .       Stasis     : .   (no boots)
Res.Rott. : .       Flight     : .   (no amulet)
Saprovore : . . .                    (no ring)
                                     (no ring)

@: slightly resistant to hostile enchantments, stealthy
A: fangs 3, see invisible, unbreathing
a: Bat Form


You were on level 2 of the Dungeon.
You were not thirsty.

You visited 1 branch of the dungeon, and saw 2 of its levels.

You collected 127 gold pieces.

Inventory:

Hand weapons
 a - a -1,+1 orcish spear (weapon)
Armour
 k - a +1 robe of cold resistance (worn)
Scrolls
 d - 3 scrolls of identify {unknown}
 f - a scroll of remove curse {unknown}
Potions
 b - a potion of blood
 e - a potion of flight {unknown}
 g - a potion of paralysis {unknown}
 h - a potion of might {unknown}
 i - a potion of confusion {unknown}
 j - a potion of curing {unknown}
Books
 c - a book of Conjurations

   Spells                             Type                      Level
   *Magic Dart                        Conjuration                  1
   *Searing Ray                       Conjuration                  2
   Dazzling Spray                     Conjuration/Hexes            3
   Iskenderun's Mystic Blast          Conjuration                  4
   Iskenderun's Battlesphere          Conjuration/Charms           4
   Fulminant Prism                    Conjuration/Hexes            5


   Skills:
 - Level 2.1 Dodging
 - Level 3.0 Stealth
 - Level 1.0 Spellcasting
 * Level 4.0 Conjurations


You had one spell level left.
You knew the following spells:

 Your Spells              Type           Power        Failure   Level  Hunger
a - Magic Dart            Conj           ###.         4%          1    ##.....
s - Searing Ray           Conj           ###...       8%          2    ###....


Dungeon Overview and Level Annotations

Branches:
Dungeon (2/16)

Altars:


Innate Abilities, Weirdness & Mutations

You have razor-sharp teeth.*
You have supernaturally acute eyesight.
You can survive without breathing.*


Message History

You hit the kobold but do no damage.
The kobold is almost dead.
The kobold barely misses you.
You miss the kobold.
The kobold is almost dead.
The kobold barely misses you.
The kobold hits you with a glowing short sword.
The kobold hits you.
You hit the kobold but do no damage.
The kobold is almost dead.
The kobold hits you with a glowing short sword.
* * * LOW HITPOINT WARNING * * *
The kobold closely misses you.
There is an open door here.
There is an open door here.
Drink which item? (? for menu, Esc to quit)
Okay, then.
There is an open door here.
The kobold hits you with a glowing short sword.
You die...

####### ############ #......
###### #..........# #......
#....# #..........# #......
#....# #....).....###..(...
+..).# #.(........'.#......
#>...######..........#.#......
#....'....'..@KK.....#K#......
#....######..........#.#......
##'### #########'##.'......
#..# #.####...... ##.# #.#
###'### #.# #.# #..## #.# #.#
##... #####'###### #..# ###(
#..........# #.## #....


You could see 2 kobolds.

Vanquished Creatures
  Jessica (D:2)
  A giant gecko (D:1)
  4 giant cockroaches
  3 goblins
  6 hobgoblins
  9 kobolds
  2 bats (D:1)
  2 rats
28 creatures vanquished.

Notes
Turn   | Place    | Note
--------------------------------------------------------------
     0 | D:1      | PolkaDot, the Vampire Conjurer, began the quest for the Orb.
     0 | D:1      | Reached XP level 1. HP: 13/13 MP: 4/4
   274 | D:1      | Reached XP level 2. HP: 19/19 MP: 2/5
   378 | D:1      | Learned a level 2 spell: Searing Ray
   783 | D:1      | Upgraded the game from 0.14-a0-942-gbd853f2 to 0.14-a0-953-g9e7f188
  1181 | D:2      | Noticed Jessica
  1186 | D:2      | Killed Jessica
  1186 | D:2      | Reached XP level 3. HP: 24/24 MP: 2/6
  1388 | D:2      | Reached skill level 4 in Conjurations
  1473 | D:2      | Slain by a kobold

Action                   || total
-------------------------++-------
Melee: Dagger            ||    26
       Spear             ||    20
 Cast: Magic Dart        ||    51
       Searing Ray       ||     1
